 Dungeon Crawl Stone Soup version 0.26-a0-835-g8259106e14 (webtiles) character file.

Game seed: 2127746532577641640

25 sahdkjhfkaj the Shield-Bearer (level 3, 24/29 HPs)
             Began as a Human Fighter on Nov 18, 2020.
             Quit the game on level 1 of the Dungeon.
             The game lasted 00:01:24 (764 turns).

sahdkjhfkaj the Shield-Bearer (Human Fighter)        Turns: 764, Time: 00:01:24

Health: 24/29      AC:  6    Str: 17    XL:     3   Next: 20%
Magic:  3/3        EV:  7    Int:  8    God:
Gold:   32         SH:  9    Dex: 12    Spells: 2/2 levels left

rFire    . . .     SeeInvis .   a - +0 long sword
rCold    . . .     Faith    .   c - +0 kite shield
rNeg     . . .     Spirit   .   b - +0 scale mail
rPois    .         Reflect  .   (no helmet)
rElec    .         Harm     .   (no cloak)
rCorr    .         Rampage  .   (no gloves)
MR       .....                  (no boots)
Stlth    ..........             (no amulet)
HPRegen  0.09/turn              (no ring)
MPRegen  0.08/turn              (no ring)

@: no status effects
A: no striking features
a: no special abilities


You were on level 1 of the Dungeon.
You visited 1 branch of the dungeon, and saw 1 of its levels.

You collected 32 gold pieces.

Inventory:

Hand Weapons
 a - a +0 long sword (weapon)
Armour
 b - a +0 scale mail (worn)
 c - a +0 kite shield (worn)
Jewellery
 f - a cursed -4 ring of dexterity {unknown}
Scrolls
 e - a scroll of identify {!r, unknown}
 j - a scroll of remove curse {!r, unknown}
Potions
 d - a potion of might {!q}
 g - a potion of heal wounds {!q, unknown}
 h - 2 potions of mutation {!q, unknown}
 i - a potion of curing {!q, unknown}


   Skills:
 - Level 3.0 Fighting
 - Level 3.0 Long Blades
 - Level 3.0 Armour
 + Level 1.4 Dodging
 - Level 3.0 Shields


You had 2 spell levels left.
You didn't know any spells.
Your spell library was empty.

Dungeon Overview and Level Annotations

Branches:
Dungeon (1/15)

Altars:


Message History

You are too injured to fight recklessly!
You are too injured to fight recklessly!
You are too injured to fight recklessly!
You are too injured to fight recklessly!
You are too injured to fight recklessly!
You are too injured to fight recklessly!
You are too injured to fight recklessly!
You are too injured to fight recklessly!
You are too injured to fight recklessly!
You slash the hobgoblin!
You kill the hobgoblin!
Things that are here:
a +0 club; a hobgoblin corpse Saving game... please wait.
Welcome back, sahdkjhfkaj the Human Fighter.
Press ? for a list of commands and other information.
Saving game... please wait.
Welcome back, sahdkjhfkaj the Human Fighter.
Press ? for a list of commands and other information.
Are you sure you want to abandon this character and quit the game? (Confirm with "yes".)

##### ##########.... .... .....
#............#..... ##### #
#............#..... ..#....
######............#..... .......
#................>...... .......
#....................... .......
#....................... .......
######..........@......).........
...........##...)............#...
...........####..†...........+...
...........####.............##...
.................................
..................####.....######
#########.......### #.....#..>.)
###....##.........# #........)#.
....).............# #.........#.


There were no monsters in sight!

Vanquished Creatures
  A dart slug (D:1)
  A ball python (D:1)
  3 bats (D:1)
  2 giant cockroaches (D:1)
  2 goblins (D:1)
  4 hobgoblins (D:1)
  4 jackals (D:1)
  A rat (D:1)
18 creatures vanquished.

Notes
Turn   | Place    | Note
-------+----------+-------------------------------------------
     0 | D:1      | sahdkjhfkaj the Human Fighter began the quest for the Orb.
     0 | D:1      | Reached XP level 1. HP: 18/18 MP: 1/1
    59 | D:1      | Reached skill level 1 in Dodging
   108 | D:1      | Reached XP level 2. HP: 24/24 MP: 2/2
   379 | D:1      | Reached XP level 3. HP: 29/29 MP: 3/3
   764 | D:1      | Quit the game

Illustrated notes

Levels and vault maps discovered:
D:1:      ebering_hopf_link, layout_basic, chequers_decorated_corner,
          minmay_misc_feat_tower

Skill      XL: |  1  2 |
---------------+-------+-----
Dodging        | 1 |  1.4
Long Blades    | 3 |  3.0
Fighting       | |  3.0
Armour         | |  3.0
Shields        | |  3.0

Action                   || total
-------------------------++-------
Melee: Long sword        ||    56
Armor: Scale mail        ||    37
Dodge: Dodged            ||    29
Block: Kite shield       ||    26
       Rpst.: Long sword ||     9

Table legend: (Time is in decaauts)
 A = Elapsed time spent in this place.
 B = Non-inter-level travel time spent in this place.
 C = Inter-level travel time spent in this place.
 D = Time resting spent in this place.
 E = Time spent auto-exploring this place.
 F = Levels seen in this place.
 G = Mean time per level.
                   A        B        C        D        E       F      G
               +--------+--------+--------+--------+--------+-----+--------+
         Total |    785 |    785 |      0 |    109 |    535 |   1 |  785.0 |
       Dungeon |    785 |    785 |      0 |    109 |    535 |   1 |  785.0 |
               +--------+--------+--------+--------+--------+-----+--------+

Top non-repeatable levels by time:
     D:1: 785 daAuts
